 Dungeon Crawl Stone Soup version 0.31-a0-1549-g5ff9445e89 (webtiles) character file.

Game seed: 10821351817869919791

23244 case the Severer (level 12, -2/106 HPs)
             Began as a Minotaur Berserker on Jan 2, 2024.
             Was a High Priest of Trog.
             Slain by a seven-headed hydra (12 damage)
             ... on level 3 of the Lair of Beasts.
             The game lasted 00:16:41 (11186 turns).

case the Severer (Minotaur Berserker)              Turns: 11186, Time: 00:16:42

Health: -2/106     AC:  9    Str: 26    XL:     12   Next: 70%
Magic:  11/11      EV: 10    Int:  4    God:    Trog [*****.]
Gold:   544        SH: 18    Dex: 11    Spells: 11/11 levels left

rFire   + . .        v - +5 war axe (venom)
rCold   . . .        T - +2 kite shield
rNeg    + . .        k - +2 ring mail {rF+}
rPois   +            (helmet restricted)
rElec   .            R - +0 cloak
rCorr   .            (no gloves)
SInv    .            n - +0 pair of boots
Will    +....        h - amulet of reflection
Stlth   +            C - ring of poison resistance
HPRegen 0.37/turn    l - ring of Wufisonn {Fly rN+ Will+}
MPRegen 0.12/turn

%: reflection
@: about to teleport, flying
A: horns 2, retaliatory headbutt
a: Renounce Religion, Berserk, Trog's Hand, Brothers in Arms


You were on level 3 of the Lair of Beasts.
You worshipped Trog.
Trog was extremely pleased with you.
You visited 2 branches of the dungeon, and saw 13 of its levels.

You collected 544 gold pieces.

Inventory:

Hand Weapons
 v - a +5 war axe of venom (weapon)
 w - a +4 antimagic executioner's axe
Missiles
 I - a throwing net
Armour
 k - a +2 ring mail of fire resistance (worn)
 n - a +0 pair of boots (worn)
 R - a +0 cloak (worn)
 T - a +2 kite shield (worn)
Jewellery
 a - an amulet of the acrobat
 h - an amulet of reflection (around neck)
 j - a ring of protection from fire
 l - the ring of Wufisonn (right hand) {Fly rN+ Will+}
   (You found it on level 3 of the Dungeon)

   [ring of flight]

   rN+:       It protects you from negative energy.
   Will+:     It increases your willpower.
   Fly:       It grants you flight.
 r - a +6 ring of intelligence
 s - a ring of see invisible
 x - a ring of protection from cold
 C - a ring of poison resistance (left hand)
 J - a ring of protection from fire
 Q - a +4 ring of protection
Wands
 y - a wand of digging (2)
 D - a wand of light (19)
 E - a wand of charming (13)
 H - a wand of iceblast (15)
 L - a wand of polymorph (17)
 O - a wand of flame (30)
Scrolls
 b - 2 scrolls of enchant weapon
 c - a scroll of silence
 d - 2 scrolls of identify
 e - a scroll of revelation {unknown}
 g - 5 scrolls of teleportation
 p - 2 scrolls of poison {unknown}
 t - 2 scrolls of noise
 F - a scroll of blinking {unknown}
 G - a scroll of immolation {unknown}
 M - 2 scrolls of amnesia {unknown}
 N - 3 scrolls of vulnerability {unknown}
 S - a scroll of torment {unknown}
Potions
 f - a potion of berserk rage {unknown}
 i - 2 potions of attraction
 m - 4 potions of mutation
 o - 8 potions of curing
 q - a potion of might
 u - a potion of cancellation {unknown}
 z - a potion of heal wounds {unknown}
 A - 2 potions of enlightenment {unknown}
 B - 2 potions of lignification
 K - a potion of resistance {unknown}
 P - 2 potions of ambrosia {unknown}


   Skills:
 + Level 9.7 Fighting
 - Level 20.5 Axes
 + Level 2.4 Armour
 + Level 2.1 Dodging
 + Level 11.9 Shields


You had 11 spell levels left.
You didn't know any spells.
Your spell library was empty.

Dungeon Overview and Level Annotations

Branches:
Dungeon (10/15)              Lair (3/5) D:8          Shoals (0/4) Lair:2
 Spider (0/4) Lair:2
 Temple: D:4-7          Orc: D:9-12

Altars:
Dithmenos
Elyvilon
Fedhas
Gozag
Hepliaklqana
Kikubaaqudgha
Nemelex Xobeh
Qazlal
Ru
Trog
Vehumet
Wu Jian
Xom
Yredelemnul

Shops:
D:10 =

Annotations:
D:8 4 transporters


Innate Abilities, Weirdness & Mutations

You have a pair of horns on your head.
You reflexively headbutt those who attack you in melee.


Message History

You headbutt the seven-headed hydra.
The seven-headed hydra is heavily wounded.
You block the seven-headed hydra's attack. x3
The seven-headed hydra bites you but does no damage.
The seven-headed hydra barely misses you.
The seven-headed hydra bites you!
The seven-headed hydra barely misses you.
The seven-headed hydra attacks as it pursues you!
The seven-headed hydra barely misses you.
You furiously retaliate!
You headbutt the seven-headed hydra!
You block the seven-headed hydra's attack.
The seven-headed hydra closely misses you.
The seven-headed hydra bites you!
You block the seven-headed hydra's attack.
The seven-headed hydra bites you! x2
You see here 3 poisoned darts.
The seven-headed hydra attacks as it pursues you!
The seven-headed hydra bites you. x2
* * * LOW HITPOINT WARNING * * *
You block the seven-headed hydra's attack. x2
The seven-headed hydra bites you!
* * * LOW HITPOINT WARNING * * *
The seven-headed hydra completely misses you.
The seven-headed hydra closely misses you.
The seven-headed hydra attacks as it pursues you!
The seven-headed hydra bites you.
* * * LOW HITPOINT WARNING * * *
The seven-headed hydra bites you.
* * * LOW HITPOINT WARNING * * *
You block the seven-headed hydra's attack. x2
The seven-headed hydra bites you.
* * * LOW HITPOINT WARNING * * *
You block the seven-headed hydra's attack.
The seven-headed hydra bites you!
* * * LOW HITPOINT WARNING * * *
As you read the scroll of teleportation, it crumbles to dust.
You feel strangely unstable.
You block the seven-headed hydra's attack. x2
The seven-headed hydra bites you!
You die...

...# ...# #.####.##... ..#
##.....# ###.P#####... ##
......###..<..## #.#.
###......##......# ####
##.P.............##### # ##
#....................### ..##
##P#....................... ....
#.................%........ ....
#.......(D@................ ....
......#####.........#.###P. ....
#...# #.###.......## ### .... #..
### ##......###### .... ##....###
##......#.#... ....##.....#.#
###P......##....
.....#....#..####.###...)..##....
.#...........>....###.##P.#.#....
#..................#######.##....


You could see a seven-headed hydra.

Vanquished Creatures
  A catoblepas (Lair:2)
  A two-headed ogre (D:10)
  A boulder beetle (Lair:3)
  5 death yaks (Lair:3)
  Amaemon (Lair:2)
  A manticore (Lair:2)
  6 elephants (Lair:3)
  2 torpor snails (Lair:1)
  An orange demon (Lair:2)
  5 cane toads
  3 rime drakes
  2 komodo dragons
  9 blink frogs (Lair:1)
  A polar bear (Lair:2)
  2 shadows
  27 yaks
  2 wyverns
  A basilisk (Lair:1)
  A steam dragon (D:9)
  5 water moccasins
  2 acid dragons
  Duvessa (D:7)
  7 ice beasts
  3 orc warriors
  3 black bears
  9 wolves
  4 centaurs
  5 kobold brigands
  10 bullfrogs
  4 gnoll sergeants
  2 scorpions (D:5)
  Dowan (D:7)
  7 killer bees (D:9)
  A bombardier beetle (D:7)
  6 orc priests
  A hound (D:5)
  2 iguanas
  5 orc wizards
  A hound zombie (D:3)
  12 gnolls
  4 adders
  A white imp (D:7)
  An adder zombie (D:3)
  A dart slug (D:4)
  4 ribbon worms
  30 orcs
  5 bats
  4 endoplasms
  3 giant cockroaches
  3 goblins
  6 hobgoblins
  7 jackals (D:1)
  4 quokkas
  7 ball pythons
  A frilled lizard (D:2)
  15 kobolds
  7 rats
266 creatures vanquished.

Notes
Turn   | Place    | Note
-------+----------+-------------------------------------------
     0 | D:1      | case the Minotaur Berserker began the quest for the Orb.
     0 | D:1      | Reached XP level 1. HP: 19/19 MP: 0/0
    23 | D:1      | Reached skill level 4 in Axes
    77 | D:1      | Reached XP level 2. HP: 26/26 MP: 1/1
   354 | D:1      | Reached skill level 5 in Axes
   623 | D:1      | Reached ** piety under Trog
   624 | D:1      | Reached XP level 3. HP: 31/31 MP: 2/2
   935 | D:2      | Reached skill level 6 in Axes
   935 | D:2      | Reached XP level 4. HP: 39/39 MP: 3/3
  1391 | D:3      | Identified the ring of Wufisonn {Fly rN+ Will+}
  1414 | D:3      | Found a shadowy altar of Dithmenos.
  2009 | D:3      | Found a basalt altar of Yredelemnul.
  2145 | D:4      | Reached XP level 5. HP: 38/45 MP: 4/4
  2148 | D:4      | Reached skill level 7 in Axes
  2188 | D:4      | Found a sacrificial altar of Ru.
  2315 | D:4      | Reached *** piety under Trog
  2463 | D:4      | Found a blossoming altar of Fedhas.
  2463 | D:4      | Found a white marble altar of Elyvilon.
  2464 | D:4      | Found a sparkling altar of Nemelex Xobeh.
  2575 | D:4      | Found an opulent altar of Gozag.
  2892 | D:5      | Entered Level 5 of the Dungeon
  2892 | D:5      | Noticed an ice beast
  2903 | D:5      | Killed an ice beast
  2904 | D:5      | Reached skill level 8 in Axes
  2904 | D:5      | Reached XP level 6. HP: 40/51 MP: 5/5
  3050 | D:5      | Reached skill level 9 in Axes
  3082 | D:5      | Reached XP level 7. HP: 20/57 MP: 6/6
  3295 | D:5      | Found an ancient bone altar of Kikubaaqudgha.
  3327 | D:5      | Found a radiant altar of Vehumet.
  3434 | D:5      | Found a hazy altar of Hepliaklqana.
  3459 | D:5      | Reached skill level 1 in Shields
  3746 | D:5      | Reached skill level 10 in Axes
  3818 | D:6      | You are sucked into a shaft and drop 2 floors!
  3863 | D:8      | Reached skill level 11 in Axes
  3949 | D:8      | Reached XP level 8. HP: 19/64 MP: 7/7
  4147 | D:7      | Noticed Duvessa
  4153 | D:7      | Killed Duvessa
  4154 | D:7      | Reached skill level 12 in Axes
  4154 | D:7      | Noticed Dowan
  4158 | D:7      | Killed Dowan
  4589 | D:7      | Reached skill level 13 in Axes
  4886 | D:8      | Found a shimmering altar of Xom.
  4931 | D:8      | Found a transporter.
  4937 | D:8      | Found a transporter.
  4957 | D:8      | Found a transporter.
  4983 | D:8      | Found a transporter.
  4991 | D:8      | Noticed a rime drake
  4999 | D:8      | Reached XP level 9. HP: 69/70 MP: 8/8
  5003 | D:8      | Reached skill level 14 in Axes
  5007 | D:8      | Killed a rime drake
  5127 | D:8      | Found a staircase to the Lair.
  5187 | D:8      | Reached **** piety under Trog
  5408 | D:8      | Found a stormy altar of Qazlal.
  5469 | D:8      | Found an ornate altar of the Wu Jian Council.
  5704 | D:9      | Reached skill level 15 in Axes
  6074 | D:9      | Reached skill level 5 in Shields
  6291 | D:9      | Reached skill level 16 in Axes
  6542 | D:9      | Reached XP level 10. HP: 71/78 MP: 9/9
  7281 | D:10     | Entered Level 10 of the Dungeon
  7283 | D:10     | Found Deitaota's Jewellery Boutique.
  7349 | D:10     | Reached skill level 17 in Axes
  7597 | D:10     | Identified the +8 dagger of Earthquakes {flame, rElec rC-
                  | Str+6 Stlth-}
  7598 | D:10     | Found a bloodstained altar of Trog.
  7743 | D:10     | Noticed a two-headed ogre
  7751 | D:10     | Killed a two-headed ogre
  7752 | D:10     | Reached skill level 5 in Fighting
  7937 | Lair:1   | Entered Level 1 of the Lair of Beasts
  7951 | Lair:1   | Reached skill level 18 in Axes
  8059 | Lair:1   | Reached XP level 11. HP: 49/88 MP: 10/10
  8068 | Lair:1   | Reached ***** piety under Trog
  8931 | Lair:1   | Reached skill level 19 in Axes
  8949 | Lair:1   | Noticed an eight-headed hydra
  9065 | Lair:2   | Noticed Amaemon
  9082 | Lair:2   | Killed Amaemon
  9517 | Lair:2   | Found a hole to the Spider Nest.
  9685 | Lair:2   | Reached skill level 10 in Shields
  9812 | Lair:2   | Found a staircase to the Shoals.
 10016 | Lair:2   | Noticed a catoblepas
 10019 | Lair:2   | Reached XP level 12. HP: 101/101 MP: 11/11
 10030 | Lair:2   | Killed a catoblepas
 10309 | Lair:3   | Noticed a boulder beetle
 10323 | Lair:3   | Killed a boulder beetle
 10601 | Lair:3   | Reached skill level 20 in Axes
 10793 | Lair:3   | Noticed a death yak
 10793 | Lair:3   | Noticed a death yak
 10794 | Lair:3   | Noticed a death yak
 10807 | Lair:3   | Killed a death yak
 10807 | Lair:3   | Received a gift from Trog
 10812 | Lair:3   | Noticed a death yak
 10812 | Lair:3   | Noticed a death yak
 10830 | Lair:3   | Killed a death yak
 10835 | Lair:3   | Killed a death yak
 10849 | Lair:3   | Killed a death yak
 10856 | Lair:3   | Killed a death yak
 11177 | Lair:3   | Noticed a five-headed hydra
 11186 | Lair:3   | Slain by a seven-headed hydra

Illustrated notes

Levels and vault maps discovered:
D:1:      dpeg_arrival_orchard, layout_basic, serial_co_window_serial,
          co_window_corner_a, co_window_of_opportunity_a, co_window_paths_a,
          co_window_paths_a, co_window_corner_a, co_window_of_opportunity_c,
          co_window_2corner, co_window_of_opportunity_b,
          co_window_unsneaky_path_c, co_window_broadway_a, co_window_2corner,
          glass_columns_a, glass_columns_a, glass_columns_c, glass_columns_a,
          hangedman_glass_teeth
D:2:      layout_rooms
D:3:      layout_basic, lemuel_zombie_altar_yredelemnul,
          nicolae_dithmenos_shadow_blocks
D:4:      layout_basic, grunt_gozag_breadcrumbs, gammafunk_temple_overflow_claw,
          mainiacjoe_overflow_alcove_2
D:5:      layout_loops_ring, overflow_temple_1_default,
          mainiacjoe_overflow_paths, nicolae_kikubaaqudgha_miasma_corner
D:6:      layout_loops_ring, amcnicky_altar_gilded, temple_doors_ab,
          serial_shops, nicolae_square_shop
D:7:      layout_rooms, serial_corexii_hall, corexii_hall_statues_s,
          corexii_hall_statues_i, dreamdust_princess_bridge, uniq_duvessa
D:8:      layout_rooms, lemuel_tele_altar, general_overflow_altar,
          nicolae_wu_jian_glorious_leap, hellmonk_lair_entry_icy,
          minmay_strange_pillars, nicolae_transporter_circle
D:9:      minmay_skewed_foursquare, layout_cave_pods, kennysheep_generic_room_15
D:10:     layout_cave_pools, lemuel_round_altar, serial_shops,
          nicolae_square_shop
Lair:1:   layout_regular_city
Lair:2:   layout_regular_city, mainiacjoe_shoals_entry_four_pools,
          spider_nest_entry_web_field, uniq_amaemon
Lair:3:   layout_cellular_growth

Skill      XL: |  1  2  3  4  5  6  7  8  9 10 11 12 |
---------------+-------------------------------------+-----
Axes           | 4 5 6 8 9 11 13 16 18 19 20 | 20.5
Shields        | 1 3 5 7 10 11 | 11.9
Fighting       | 5 8 9 |  9.7
Armour         | |  2.4
Dodging        | |  2.1

Action                     |  1- 3 |  4- 6 |  7- 9 | 10-12 || total
---------------------------+-------+-------+-------+-------++-------
  Melee: Hand axe          |    66 |    98 |       |       ||   164
         Headbutt          |    12 |    19 |    38 |    75 ||   144
         War axe           |       |    30 |   238 |   335 ||   603
 Invoke: Berserk           |       |       |     5 |     1 ||     6
         Trog's Hand       |       |       |     1 |       ||     1
  Evoke: Wand              |       |       |       |     1 ||     1
    Use: Scroll            |       |     3 |     8 |     8 ||    19
   Stab: Sleeping          |     1 |       |       |       ||     1
 Armour: Animal skin       |    22 |    17 |       |       ||    39
         Ring mail         |       |    46 |   127 |   139 ||   312
  Dodge: Dodged            |    56 |    86 |    84 |    76 ||   302
  Block: Other             |     1 |    16 |       |       ||    17
         Buckler           |       |    17 |    96 |    12 ||   125
         Reflection        |       |       |     3 |     5 ||     8
         Kite shield       |       |       |       |   235 ||   235

Table legend: (Time is in decaauts)
 A = Elapsed time spent in this place.
 B = Non-inter-level travel time spent in this place.
 C = Inter-level travel time spent in this place.
 D = Time resting spent in this place.
 E = Time spent auto-exploring this place.
 F = Levels seen in this place.
 G = Mean time per level.
                   A        B        C        D        E       F      G
               +--------+--------+--------+--------+--------+-----+--------+
         Total |  11141 |  10965 |    176 |    805 |   8454 |  13 |  857.0 |
       Dungeon |   7934 |   7767 |    167 |    214 |   6321 |  10 |  793.4 |
          Lair |   3206 |   3197 |      9 |    591 |   2133 |   3 | 1068.7 |
               +--------+--------+--------+--------+--------+-----+--------+

Top non-repeatable levels by time:
     D:9: 1617 daAuts
  Lair:2: 1243 daAuts
     D:8: 1041 daAuts
  Lair:1: 1020 daAuts
  Lair:3: 942 daAuts
     D:5: 902 daAuts
     D:4: 854 daAuts
     D:7: 833 daAuts
     D:1: 816 daAuts
     D:3: 709 daAuts
    D:10: 623 daAuts
     D:2: 509 daAuts
     D:6: 26 daAuts
